 Dungeon Crawl Stone Soup version 0.31-a0-818-ge7c7cf74f0 (webtiles) character file.

Game seed: 13441781261165554615

12866 greenreed the Fighter (level 12, -20/82 HPs)
             Began as a Gargoyle Monk on Sept 22, 2023.
             Was a High Priest of Makhleb.
             Hit by a silver javelin thrown by a minotaur (25 damage)
             ... in a Gauntlet on Sept 23, 2023.
             The game lasted 00:27:19 (9765 turns).

greenreed the Fighter (Gargoyle Monk)               Turns: 9765, Time: 00:27:19

Health: -20/82     AC: 21    Str: 24    XL:     12   Next: 0%
Magic:  17/17      EV: 15    Int: 11    God:    Makhleb [*****.]
Gold:   695        SH:  0    Dex: 18    Spells: 11/11 levels left

rFire   + . .        D - +7 whip of Modern Guilt {protect, Str+4}
rCold   . . .        (no shield)
rNeg    + + .        j - +2 ring mail {rF+}
rPois   ∞            K - +2 hat
rElec   +            h - +0 cloak
rCorr   .            U - +1 pair of gloves {hurl}
SInv    .            E - +0 pair of boots
Will    +++..        O - amulet of the Four Winds {rN+ Will+++ Clar}
Stlth   +            a - +6 ring of dexterity
HPRegen 0.33/turn    (no ring)
MPRegen 0.15/turn

%: no teleportation, clarity
@: no status effects
A: sickness immunity, AC +8, negative energy resistance 1, electricity
resistance, torment resistance 1, petrification resistance
a: Renounce Religion, Minor Destruction, Lesser Servant of Makhleb, Major
Destruction, Greater Servant of Makhleb


You were in a Gauntlet.
You worshipped Makhleb.
Makhleb was extremely pleased with you.
You visited 2 branches of the dungeon, and saw 12 of its levels.
You also visited: Gauntlet.

You collected 695 gold pieces.

Inventory:

Hand Weapons
 v - a +4 arbalest of freezing
 D - the +7 whip of Modern Guilt (weapon) {protect, Str+4}
   (You found it on level 5 of the Dungeon)

   Str+4:     It affects your strength (+4).
 H - a +2 whip of flaming
 I - a +2 whip of electrocution
 M - the +3 sling of Hyreodu {freeze, +Blink Fly rN+}
   (You found it on level 8 of the Dungeon)

   rN+:       It protects you from negative energy.
   Fly:       It grants you flight.
   +Blink:    It lets you blink.
Missiles
 N - 2 curare-tipped darts
 R - 2 throwing nets
Armour
 d - an orb of light
 h - a +0 cloak (worn)
 j - a +2 ring mail of fire resistance (worn)
 E - a +0 pair of boots (worn)
 F - a +2 ring mail of cold resistance
 G - a +0 scale mail of willpower
 K - a +2 hat (worn)
 U - a +1 pair of gloves of hurling (worn)
Jewellery
 a - a +6 ring of dexterity (left hand)
 A - an amulet of guardian spirit
 O - the amulet of the Four Winds (around neck) {rN+ Will+++ Clar}
   (You found it in a Gauntlet)

   [amulet of nothing]

   rN+:       It protects you from negative energy.
   Will+++:   It greatly increases your willpower.
   Clar:      It protects you from confusion, rage, mesmerisation and fear.
Wands
 p - a wand of digging (4)
 x - a wand of flame (14)
 y - a wand of light (8)
 C - a wand of paralysis (18)
 P - a wand of roots (4)
Scrolls
 b - 2 scrolls of torment {unknown}
 e - 2 scrolls of amnesia {unknown}
 f - 4 scrolls of teleportation {unknown}
 i - 2 scrolls of enchant armour {unknown}
 m - 2 scrolls of silence {unknown}
 q - 4 scrolls of enchant weapon {unknown}
 s - 6 scrolls of identify {unknown}
 u - a scroll of immolation
 w - 3 scrolls of noise {unknown}
 z - 4 scrolls of revelation {unknown}
 B - 3 scrolls of poison {unknown}
 J - a scroll of blinking {unknown}
 Q - 2 scrolls of fear {unknown}
Potions
 c - 2 potions of ambrosia
 g - 3 potions of attraction {unknown}
 k - 4 potions of degeneration {unknown}
 l - a potion of cancellation {unknown}
 n - 3 potions of berserk rage {unknown}
 o - 4 potions of heal wounds {unknown}
 r - 5 potions of curing {unknown}
 t - 3 potions of might {unknown}
 L - a potion of enlightenment {unknown}
 S - a potion of invisibility {unknown}
Miscellaneous
 T - a lightning rod (4/4)


   Skills:
 * Level 12.5 Fighting
 * Level 11.5 Maces & Flails
 + Level 7.0 Dodging
 + Level 7.9 Invocations


You had 11 spell levels left.
You didn't know any spells.
Your spell library contained the following spells:

 Spells                   Type           Power      Damage    Failure   Level
 Slow                     Hex            0%         N/A       50%         1
 Ensorcelled Hibernation  Hex/Ice        0%         N/A       63%         2
 Jinxbite                 Hex            0%         N/A       63%         2
 Lesser Beckoning         Tloc           0%         N/A       63%         2
 Confusing Touch          Hex            0%         N/A       86%         3
 Dazzling Flash           Conj/Hex       0%         N/A       86%         3
 Gell's Gravitas          Tloc           0%         N/A       86%         3
 Inner Flame              Hex/Fire       0%         N/A       86%         3
 Sigil of Binding         Hex            0%         N/A       86%         3
 Stone Arrow              Conj/Erth      0%         3d7       86%         3
 Teleport Other           Tloc           0%         N/A       86%         3
 Vampiric Draining        Necr           0%         2d6       86%         3
 Anguish                  Hex/Necr       0%         N/A       99%         4
 Animate Armour           Summ/Erth      0%         N/A       99%         4
 Agony                    Necr           0%         N/A       100%        5
 Silence                  Hex/Air        0%         N/A       100%        5
 Yara's Violent Unravell  Hex/Tmut       0%         3d3       100%        5
 Enfeeble                 Hex            0%         N/A       100%        7
 Lehudib's Crystal Spear  Conj/Erth      0%         10d2      100%        8


Dungeon Overview and Level Annotations

Branches:
Dungeon (11/15)            Temple (1/1) D:6            Lair (0/5) D:10
    Orc (0/2) D:10        Gauntlet (1/1)

Altars:
Ashenzari
Cheibriados
Dithmenos
Elyvilon
Fedhas
Gozag
Hepliaklqana
Kikubaaqudgha
Makhleb
Nemelex Xobeh
Okawaru
Qazlal
Ru
Sif Muna
Trog
Uskayaw
Vehumet
Wu Jian
Xom
Yredelemnul
Zin
The Shining One

Shops:
D:2 (   D:9 [

Annotations:
D:6 2 runed translucent doors, Crazy Yiuf; bahustanut's ghost, novice OpSh Gauntlet 8 transporters


Innate Abilities, Weirdness & Mutations

You are immune to sickness and miasma.
Your stone body is resilient. (AC +8)
You are immune to poison.
You resist negative energy. (rN+)
You are resistant to electric shocks. (rElec)
You are resistant to unholy torment.
You are immune to petrification.


Message History

You whack the minotaur!
The minotaur is lightly wounded.
The minotaur hits you with a +3 vampiric war axe!
The minotaur hits your orange demon with a +3 vampiric war axe!
The minotaur gores you.
Unknown command.
Your orange demon stings the minotaur but does no damage.
Your orange demon hits the minotaur but does no damage.
The minotaur throws a silver javelin.
The silver javelin pierces through you!!
* * * LOW HITPOINT WARNING * * *
x2 Unknown command.
Unknown command.
Aiming: Paralyse
Press: ? - help, Shift-Dir - straight line, f - minotaur
Aim: a minotaur, wielding a +3 vampiric war axe, wearing a +0 plate armour and quivering silver javelins (lightly wounded, ally target, chance to affect: 1%)
Okay, then.
Unknown command.
Unknown command.
Your orange demon stings the minotaur but does no damage.
Your orange demon hits the minotaur but does no damage.
Your orange demon stings the minotaur but does no damage.
Your orange demon hits the minotaur but does no damage.
The minotaur throws a silver javelin.
The silver javelin pierces through you!
* * * LOW HITPOINT WARNING * * *
x2 Your orange demon completely misses the minotaur.
The minotaur furiously retaliates!
The minotaur headbutts your orange demon!
Your orange demon hits the minotaur but does no damage.
Okay, then.
Your orange demon stings the minotaur from afar.
The minotaur throws a silver javelin.
The silver javelin pierces through you but does no damage.
* * * LOW HITPOINT WARNING * * *
Your orange demon stings the minotaur but does no damage.
The minotaur throws a silver javelin.
The silver javelin pierces through you!
* * * LOW HITPOINT WARNING * * *
x2 The minotaur throws a silver javelin.
The silver javelin pierces through you!!
You die...

#4#.#####.#.#...#.....#t.
#H#.# ###.#.©.#.....###
#.#H# ..#.....#..∩.....
#.#.# #H#.#.©.#.....###
#.#.#####§#.#...#.....#..
#.#...H##.#.#.©.#.....#!.
#H####....#.#...#.♣P..#!Y
#....######.#.♣.#.....#©#
####....@...#...##..♣.#.#
##########.♣.###...#[#
#...##≈...#YY
#####≈≈...### ##≈.♣....
##.P.### ##≈...#..
#≈≈...#.# ##≈.♣.##.


You could see a minotaur.

Vanquished Creatures
  Gastronok (D:8)
  2 thrashing horrors (Gauntlet)
  Pikel (D:7)
  A necromancer (Gauntlet)
  An oklob plant (Gauntlet)
  A cyclops (D:10)
  Joseph (D:8)
  A troll (D:11)
  2 shadows (D:10)
  17 yaks
  A wraith (D:7)
  A wyvern (D:9)
  A steam dragon (D:6)
  2 vampire mosquitoes (D:9)
  Edmund (D:6)
  4 acid dragons
  A water moccasin (D:7)
  Duvessa (D:6)
  A black bear (D:5)
  An ice beast (D:8)
  2 centaurs
  5 wolves (Gauntlet)
  2 kobold brigands
  3 bullfrogs
  A gnoll sergeant (D:9)
  2 scorpions
  17 wights
  Dowan (D:6)
  24 killer bees
  6 electric eels (D:10)
  4 small abominations (Gauntlet)
  3 hounds
  3 jellies
  4 orc priests
  A gnoll bouda (D:6)
  Jessica (D:2)
  2 iguanas
  4 orc wizards
  12 gnolls
  6 adders
  A white imp (D:5)
  An ufetubus (D:4)
  A worm (D:2)
  A dart slug (D:2)
  8 orcs
  4 endoplasms
  5 giant cockroaches
  8 goblins
  7 hobgoblins
  4 jackals (D:2)
  19 kobolds
  12 quokkas
  7 ball pythons
  7 bats
  4 frilled lizards
  3 rats
237 creatures vanquished.

Vanquished Creatures (others)
  2 gnolls (D:6)
2 creatures vanquished.

Grand Total: 239 creatures vanquished

Notes
Turn   | Place    | Note
-------+----------+-------------------------------------------
     0 | D:1      | greenreed the Gargoyle Monk began the quest for the Orb.
     0 | D:1      | Reached XP level 1. HP: 14/14 MP: 1/1
   110 | D:1      | Reached XP level 2. HP: 14/19 MP: 2/2
   380 | D:1      | Reached XP level 3. HP: 21/24 MP: 3/3
   850 | D:2      | Reached skill level 4 in Fighting
   889 | D:2      | Found Danem's Weapon Shop.
   908 | D:2      | Reached XP level 4. HP: 29/29 MP: 4/4
  1061 | D:2      | Found a faded altar of an unknown god.
  1210 | D:2      | Noticed Jessica
  1215 | D:2      | Killed Jessica
  1216 | D:2      | Reached XP level 5. HP: 29/34 MP: 5/5
  1508 | D:3      | Found a burning altar of Makhleb.
  1523 | D:3      | Became a worshipper of Makhleb the Destroyer
  1523 | D:3      | Reached * piety under Makhleb
  1523 | D:3      | Reached ** piety under Makhleb
  2254 | D:4      | Reached XP level 6. HP: 39/40 MP: 6/6
  2351 | D:4      | Reached skill level 5 in Fighting
  2351 | D:4      | Reached skill level 1 in Invocations
  2442 | D:4      | Found a sparkling altar of Nemelex Xobeh.
  2510 | D:4      | Identified the +0 robe of the Zebra {rN+ rCorr}
  2656 | D:4      | Found a hide-covered altar of Uskayaw.
  2665 | D:4      | Found an ancient bone altar of Kikubaaqudgha.
  2939 | D:5      | Entered Level 5 of the Dungeon
  2995 | D:5      | Identified the +7 whip of Modern Guilt {protect, Str+4}
  3222 | D:5      | Reached skill level 5 in Maces & Flails
  3222 | D:5      | Reached XP level 7. HP: 44/44 MP: 8/8
  3375 | D:5      | Reached skill level 6 in Fighting
  3714 | D:6      | Found a runed translucent door.
  3715 | D:6      | Noticed Crazy Yiuf
  3946 | D:6      | Found a staircase to the Ecumenical Temple.
  3961 | Temple   | Entered the Ecumenical Temple
  4048 | D:6      | Noticed Duvessa
  4048 | D:6      | Noticed Dowan
  4065 | D:6      | Killed Duvessa
  4065 | D:6      | Reached *** piety under Makhleb
  4066 | D:6      | Reached XP level 8. HP: 52/52 MP: 8/10
  4067 | D:6      | Killed Dowan
  4122 | D:6      | Noticed Edmund
  4145 | D:6      | Killed Edmund
  4238 | D:6      | Reached skill level 7 in Fighting
  4254 | D:6      | Found a sacrificial altar of Ru.
  4339 | D:6      | Found a runed translucent door.
  4339 | D:6      | Noticed a yak
  4340 | D:6      | Noticed bahustanut's ghost (novice OpSh)
  4580 | D:7      | Noticed Pikel
  4605 | D:7      | Killed Pikel
  4606 | D:7      | Reached skill level 8 in Fighting
  4606 | D:7      | Reached XP level 9. HP: 56/59 MP: 10/12
  4697 | D:7      | Noticed a boulder beetle
  4899 | D:7      | Reached skill level 5 in Dodging
  5331 | D:7      | Reached skill level 9 in Fighting
  5356 | D:8      | Reached skill level 5 in Invocations
  5387 | D:8      | Noticed Gastronok
  5421 | D:8      | Killed Gastronok
  5422 | D:8      | Reached XP level 10. HP: 64/68 MP: 12/14
  5483 | D:8      | Identified the +3 sling of Hyreodu {freeze, +Blink Fly rN+}
  5535 | D:8      | Reached skill level 10 in Fighting
  5552 | D:8      | Reached **** piety under Makhleb
  5696 | D:8      | Noticed Joseph
  5709 | D:8      | Killed Joseph
  6354 | D:9      | Found Hiura's Armour Shoppe.
  6463 | D:9      | Reached skill level 10 in Maces & Flails
  6495 | D:9      | Reached skill level 11 in Fighting
  6505 | D:9      | Reached XP level 11. HP: 74/74 MP: 14/16
  6881 | D:10     | Entered Level 10 of the Dungeon
  6923 | D:10     | Reached ***** piety under Makhleb
  7031 | D:10     | Noticed a cyclops
  7217 | D:10     | Killed a cyclops
  7359 | D:10     | Found a staircase to the Lair.
  7827 | D:10     | Found a staircase to the Orcish Mines.
  8198 | D:10     | Found a glowing silver altar of Zin.
  8198 | D:10     | Noticed an angel
  8319 | D:11     | Noticed a cyclops
  8416 | D:11     | Reached skill level 12 in Fighting
  8431 | D:11     | Found a gate leading to a gauntlet.
  8440 | Gauntlet | Entered a Gauntlet
  8440 | Gauntlet | Noticed an oklob plant
  8440 | Gauntlet | Found a transporter.
  8494 | Gauntlet | Found a transporter.
  8495 | Gauntlet | Found a transporter.
  8503 | Gauntlet | Noticed a necromancer
  8506 | Gauntlet | Found a transporter.
  8509 | Gauntlet | Found a transporter.
  8512 | Gauntlet | Noticed a thrashing horror
  8514 | Gauntlet | Noticed a thrashing horror
  8517 | Gauntlet | Found a transporter.
  8526 | Gauntlet | Found the amulet of the Four Winds {rN+ Will+++ Clar}
  8533 | Gauntlet | Found a transporter.
  8534 | Gauntlet | Noticed a death yak
  8535 | Gauntlet | Noticed a death yak
  8535 | Gauntlet | Noticed a death yak
  8535 | Gauntlet | Noticed a death yak
  8537 | Gauntlet | Noticed a death yak
  8545 | Gauntlet | Found a transporter.
  8556 | Gauntlet | Noticed a ghost crab
  8558 | Gauntlet | Found a transporter.
  8576 | Gauntlet | Found a transporter.
  8584 | Gauntlet | Noticed a fire crab
  8587 | Gauntlet | Found a transporter.
  8587 | Gauntlet | Found a transporter.
  8641 | Gauntlet | Found a transporter.
  8655 | Gauntlet | Found a transporter.
  9293 | Gauntlet | Killed an oklob plant
  9433 | Gauntlet | Killed a necromancer
  9517 | Gauntlet | Killed a thrashing horror
  9546 | Gauntlet | Killed a thrashing horror
  9553 | Gauntlet | Reached XP level 12. HP: 48/82 MP: 10/17
  9720 | Gauntlet | Noticed a minotaur
  9756 | Gauntlet | HP: 4/82 [minotaur/silver javelin (8)]
  9765 | Gauntlet | Hit by a silver javelin thrown by a minotaur

Illustrated notes

Levels and vault maps discovered:
D:1:      minmay_arrival_doors, layout_rooms, minmay_tromino_v4_b
D:2:      layout_loops_cross, basic_ecumenical_altar, serial_shops, shop,
          minmay_joined_circles, uniq_jessica
D:3:      layout_basic, nicolae_overflow_crystal_walls, nicolae_grassy_gnolls
D:4:      layout_loops_ring, nemelex_spade_bored_becter,
          mainiacjoe_overflow_big_doors
D:5:      layout_loops_ring
D:6:      layout_loops_ring, nicolae_ru_sacrificial_ziggurat,
          minmay_temple_entry_ruins, ebering_ghost_inner_flame,
          nrook_mini_vaults, nicolae_underground_beach, uniq_edmund,
          uniq_crazy_yiuf_cottage, uniq_duvessa
D:7:      layout_basic, lightli_corner_chamber, uniq_pikel
D:8:      layout_basic, uniq_joseph, uniq_gastronok
D:9:      layout_cave_pools, serial_shops, shop
D:10:     layout_loops_ring, zin_angel, lair_entry_dummy, orc_0_dummy,
          serial_bayou, serial_bayou_lagoon_a, serial_bayou_pond_b,
          serial_bayou_pond_a, serial_bayou_pond_b, serial_bayou_pond_d
D:11:     layout_grid_maze, gauntlet_entry_generic, minivault_25_ag, uniq_snorg,
          uniq_maurice
Temple:   nicolae_temple_bog_church
Gauntlet: minmay_gauntlet_77_tree [minmay_gauntlet_arena_77_checkered,
          minmay_gauntlet_arena_77_broken_ladder,
          minmay_gauntlet_arena_77_mirror, minmay_gauntlet_arena_77_braids,
          minmay_gauntlet_arena_77_block_sizes, minmay_gauntlet_arena_77_museum,
          minmay_gauntlet_arena_77_fan, dreamdust_gauntlet_exit_labyrinth]

Skill      XL: |  1  2  3  4  5  6  7  8  9 10 11 |
---------------+----------------------------------+-----
Fighting       | 4 5 6 8 9 11 12 | 12.5
Dodging        | 3 4 5 6 7 |  7.0
Maces & Flails | 4 5 7 9 10 11 | 11.5
Invocations    | 1 2 4 5 6 7 |  7.9

Action                     |  1- 3 |  4- 6 |  7- 9 | 10-12 || total
---------------------------+-------+-------+-------+-------++-------
  Melee: Mace              |   109 |    35 |       |       ||   144
         Flail             |       |    18 |       |       ||    18
         Club              |       |    90 |       |       ||    90
         Whip              |       |    10 |   163 |   370 ||   543
         Punch             |       |     1 |     1 |     3 ||     5
 Invoke: Minor Destruction |       |    38 |    72 |   157 ||   267
         Lesser Servant of |       |       |     1 |     4 ||     5
  Evoke: Wand              |       |       |       |     6 ||     6
   Stab: Sleeping          |       |     1 |       |       ||     1
 Armour: Robe              |    43 |       |       |       ||    43
         Ring mail         |    23 |   108 |    86 |   256 ||   473
  Dodge: Dodged            |    73 |   112 |   130 |   223 ||   538

Table legend: (Time is in decaauts)
 A = Elapsed time spent in this place.
 B = Non-inter-level travel time spent in this place.
 C = Inter-level travel time spent in this place.
 D = Time resting spent in this place.
 E = Time spent auto-exploring this place.
 F = Levels seen in this place.
 G = Mean time per level.
                   A        B        C        D        E       F      G
               +--------+--------+--------+--------+--------+-----+--------+
         Total |   9677 |   9259 |    418 |    674 |   6478 |  13 |  744.4 |
       Dungeon |   8412 |   7994 |    418 |    246 |   6045 |  11 |  764.7 |
        Temple |      1 |      1 |      0 |      0 |      0 |   1 |    1.0 |
      Gauntlet |   1263 |   1263 |      0 |    428 |    433 |   1 | 1263.0 |
               +--------+--------+--------+--------+--------+-----+--------+

Top non-repeatable levels by time:
Gauntlet: 1263 daAuts
    D:10: 1230 daAuts
     D:8: 954 daAuts
     D:6: 937 daAuts
     D:4: 806 daAuts
     D:7: 770 daAuts
     D:2: 741 daAuts
     D:3: 730 daAuts
     D:1: 703 daAuts
     D:9: 702 daAuts
     D:5: 655 daAuts
    D:11: 179 daAuts
  Temple: 1 daAuts
